Description

A Copy of Oreo´s ZvT early game guide with some more actions added

Build Order

Get SALT Encoding   

  12  0:00  Drone  
  13  0:12  Overlord  path: 3rd -> natural
  13  0:16  Drone  
  14  0:30  Drone x2  
  16  0:48  Hatchery  
  15  0:50  Drone x2  
  17  0:58  Drone  
  18  1:08  Extractor  
  17  1:13  Spawning Pool  
  17  1:15  Drone x2  
  18  1:27  Drone  @56 gas 2 drones off
  21  1:59  Queen x2  
  21  2:00  Zergling x4  
  27  2:10  Overlord  path: 3rd
  28  2:20  Hatchery  if NO reaper: send 2 lings to enemy natural
  31  2:39  Metabolic Boost  
  31  2:42  Overlord  
  32  2:50  Queen  natural
  36  3:04  Overlord  2 drones -> Gas
  40  3:12  Queen  main, shift-q a ling in enemy base
  44  3:26  Queen  natural
  46  3:33  Queen  3rd
  50  3:35  Overlord  
  50  3:39  Zergling x6  
  55  3:50  Overlord  send ovie in to scout, creep in main
  61  4:05  Baneling Nest  
  62  4:10  Overlord  
  62  4:11  Queen  natural
  70  4:31  Lair  3 spores
  70  4:25  Overlord x2  
  73  4:48  Extractor x2  
  80  5:12  Extractor x2, Evolution Chamber x2  
  79  5:15  Hatchery  4th
  82  5:28  Centrifugal Hooks  
  84  5:30  Overseer  
  84  5:39  Zerg Melee Weapons Level 1  
  91  5:44  Zerg Ground Armor Level 1  
  93  5:54  Hydralisk Den  
  109  6:27  Grooved Spines  
  109  6:34  Extractor  
  122  6:56  Infestation Pit  
  122  6:57  Hatchery  5th
  145  7:35  Lurker Den, Hive  
  158  7:52  Muscular Augments  
  187  8:49  Lurker x9  
Spawning Tool Build Advisor. Get it on Overwolf

Go to:

Details

  • Created by: _BLANK_
  • Published on: Sep 26, 2024
  • Modified on: Oct 02, 2024
  • Patch: 5.0.11
  • Difficulty: Easy
Show
View Real Time Build Order
Export as new Build Order

Comments (0)

There are no comments. Be the first!

Create an account to comment!